 Dungeon Crawl Stone Soup version 0.25-a0-474-ga8a2ee3166 (webtiles) character file.

Game seed: 5470845101923134008, levelgen mode: classic

43 EnegeticOcto the Poker (level 3, -1/28 HPs)
             Began as a Merfolk Warper on Feb 8, 2020.
             Killed from afar by Ijyb (9 damage)
             ... with a puff of flame
             ... on level 2 of the Dungeon.
             The game lasted 00:02:52 (1571 turns).

EnegeticOcto the Poker (Merfolk Warper)             Turns: 1571, Time: 00:02:52

Health: -1/28      AC:  3    Str: 11    XL:     3   Next: 58%
Magic:  6/6        EV: 12    Int: 13    God:
Gold:   49         SH:  5    Dex: 13    Spells: 6/6 levels left

rFire    . . .     SeeInvis .   a - +0 spear
rCold    . . .     Gourm    .   h - +2 buckler
rNeg     . . .     Faith    .   b - +0 leather armour
rPois    .         Spirit   .   (no helmet)
rElec    .         Reflect  .   (no cloak)
rCorr    .         Harm     .   (no gloves)
MR       .....                  (no boots)
Stlth    +.........             (no amulet)
HPRegen  0.09/turn              (no ring)
MPRegen  0.10/turn              (no ring)

@: very slightly contaminated
A: change form in water, swift swim, stealthy swim
a: no special abilities


You were on level 2 of the Dungeon.
You were not hungry.

You visited 1 branch of the dungeon, and saw 2 of its levels.

You collected 49 gold pieces.

Inventory:

Hand Weapons
 a - a +0 spear (weapon)
Missiles
 n - 2 poisoned darts (quivered)
Armour
 b - a +0 leather armour (worn)
 h - a +2 buckler (worn)
Scrolls
 g - a scroll of enchant armour {unknown}
 k - a scroll of noise {unknown}
Potions
 j - a potion of ambrosia
 m - a potion of agility {@q5 !q}
Comestibles
 e - 3 rations


   Skills:
 + Level 2.7 Fighting
 * Level 4.3 Polearms
 - Level 1.0 Throwing
 - Level 0.6 Armour
 + Level 3.3 Dodging
 + Level 0.9 Shields
 - Level 2.0 Spellcasting
   Level 2.4 Translocations


You had 6 spell levels left.
You didn't know any spells.
Your spell library contained the following spells:

 Spells                   Type           Power        Failure   Level  Hunger
 Blink                    Tloc           N/A          28%         2    ###....
 Shroud of Golubria       Chrm/Tloc      #.....       43%         2    ###....
 Gell's Gravitas          Tloc           #.........   50%         3    ####...
 Lesser Beckoning         Tloc           #.........   50%         3    ####...
 Teleport Other           Tloc           #.......     50%         3    ####...
 Passage of Golubria      Tloc           N/A          88%         4    #####..


Dungeon Overview and Level Annotations

Branches:
Dungeon (2/15)

Altars:

Annotations:
D:2 Ijyb


Message History

Aim: Ijyb, wielding a +0 dagger, wearing a +0 scale mail and carrying a wand of flame (10)
You throw a boomerang of dispersal.
The boomerang of dispersal closely misses Ijyb.
Ijyb zaps a wand.
The puff of flame hits you. Ijyb hits you with a +0 dagger.
Throwing (i - inventory. (/) - cycle)
f - 3 boomerangs of dispersal (quivered)
Press: ? - help, Shift-Dir - straight line, f/p - Ijyb
Aim: Ijyb, wielding a +0 dagger, wearing a +0 scale mail and carrying a wand of flame (9)
You throw a boomerang of dispersal.
The boomerang of dispersal barely misses Ijyb.
Ijyb zaps a wand.
The puff of flame hits you.
* * * LOW HITPOINT WARNING * * *
Throwing (i - inventory. (/) - cycle)
f - 2 boomerangs of dispersal (quivered)
Press: ? - help, Shift-Dir - straight line, f/p - Ijyb
Aim: Ijyb, wielding a +0 dagger, wearing a +0 scale mail and carrying a wand of flame (8)
You throw a boomerang of dispersal.
The boomerang of dispersal hits Ijyb but does no damage.
Ijyb hits you but does no damage.
Okay, then.
Unknown command.
Really quaff
i - a potion of heal wounds {@q2 !q}?
You feel much better. Ijyb screams, "I dance on your bones!"
Ijyb zaps a wand.
The puff of flame hits you!
Press: ? - help, v - describe, . - travel
Here: Ijyb, wielding a +0 dagger, wearing a +0 scale mail and carrying a wand of flame (7)
The floor.
Blink to where?
Press: ? - help, Dir - move target cursor, p - Ijyb You are very lightly contaminated with residual magic.
As you read the scroll of blinking {@r4}, it crumbles to dust.
Throwing (i - inventory. (/) - cycle)
f - a boomerang of dispersal (quivered)
Press: ? - help, Shift-Dir - straight line, f - Ijyb
Aim: Ijyb, wielding a +0 dagger, wearing a +0 scale mail and carrying a wand of flame (7)
You throw a boomerang of dispersal.
The boomerang of dispersal hits Ijyb but does no damage.
There is a stone staircase leading up, spattered with blood here.
You see here a +0 dagger.
Throwing (i - inventory)
n - 9 poisoned darts (quivered)
Press: ? - help, Shift-Dir - straight line, f/p - Ijyb
Aim: Ijyb, wielding a +0 dagger, wearing a +0 scale mail and carrying a wand of flame (7)
You throw a poisoned dart. The poisoned dart hits Ijyb.
Ijyb is poisoned.
Throwing (i - inventory)
n - 8 poisoned darts (quivered)
Press: ? - help, Shift-Dir - straight line, f/p - Ijyb
Aim: Ijyb, wielding a +0 dagger, wearing a +0 scale mail and carrying a wand of flame (7) (poisoned)
You throw a poisoned dart. The poisoned dart hits Ijyb.
Throwing (i - inventory)
n - 7 poisoned darts (quivered)
Press: ? - help, Shift-Dir - straight line, f/p - Ijyb
Aim: Ijyb, wielding a +0 dagger, wearing a +0 scale mail and carrying a wand of flame (7) (poisoned)
You throw a poisoned dart. The poisoned dart closely misses Ijyb.
Ijyb misses you.
Throwing (i - inventory)
n - 6 poisoned darts (quivered)
Press: ? - help, Shift-Dir - straight line, f/p - Ijyb
Aim: Ijyb, wielding a +0 dagger, wearing a +0 scale mail and carrying a wand of flame (7) (poisoned)
You throw a poisoned dart. The poisoned dart hits Ijyb.
Ijyb looks even sicker.
You block Ijyb's attack.
You closely miss Ijyb. Ijyb hits you with a +0 dagger.
You hit Ijyb but do no damage. You block Ijyb's attack.
You hit Ijyb.
Ijyb is lightly wounded.
You block Ijyb's attack.
You closely miss Ijyb.
Ijyb is lightly wounded.
Ijyb hits you but does no damage.
You closely miss Ijyb.
Ijyb is lightly wounded.
You hit Ijyb but do no damage.
Ijyb is lightly wounded.
Ijyb barely misses you.
Throwing (i - inventory)
n - 5 poisoned darts (quivered)
Press: ? - help, Shift-Dir - straight line, f/p - Ijyb
Aim: Ijyb, wielding a +0 dagger, wearing a +0 scale mail and carrying a wand of flame (7) (moderately wounded, poisoned)
You throw a poisoned dart. The poisoned dart hits Ijyb.
Ijyb looks even sicker.
Ijyb is moderately wounded.
Ijyb hits you but does no damage.
You hit Ijyb but do no damage.
Ijyb is moderately wounded.
Ijyb hits you with a +0 dagger.
You closely miss Ijyb.
Ijyb is moderately wounded.
Ijyb hits you with a +0 dagger.
Throwing (i - inventory)
n - 4 poisoned darts (quivered)
Press: ? - help, Shift-Dir - straight line, f/p - Ijyb
Aim: Ijyb, wielding a +0 dagger, wearing a +0 scale mail and carrying a wand of flame (7) (moderately wounded, very poisoned)
You throw a poisoned dart. The poisoned dart closely misses Ijyb.
Ijyb zaps a wand.
The puff of flame hits you.
You hit Ijyb but do no damage.
Ijyb is moderately wounded.
Ijyb hits you but does no damage.
You hit Ijyb but do no damage.
Ijyb is moderately wounded.
Ijyb screams, "Me kill you!"
Ijyb zaps a wand.
The puff of flame hits you.
* * * LOW HITPOINT WARNING * * *
Throwing (i - inventory)
n - 3 poisoned darts (quivered)
Press: ? - help, Shift-Dir - straight line, f/p - Ijyb
Aim: Ijyb, wielding a +0 dagger, wearing a +0 scale mail and carrying a wand of flame (5) (heavily wounded, poisoned)
You throw a poisoned dart. The poisoned dart barely misses Ijyb.
Ijyb hits you but does no damage.
Ijyb zaps a wand.
The puff of flame hits you!
You die...

........# .<......##
.........##
..........# # #
..........####.#######
...............#.....
...................#
...$....#.######..#
.)......#.#....#@.#
............##.#..#
.........g..##.#g.#
............#..#(.#
...........(##)#..#
...##.......((<...#
...#....#.#######.#
...#....#.........#
...#....###########


You could see Ijyb.

Vanquished Creatures
  An ooze (D:2)
  2 dart slugs (D:1)
  A ball python (D:1)
  A bat (D:1)
  A giant cockroach (D:2)
  8 goblins (D:2)
  3 hobgoblins (D:1)
  6 jackals
  A frilled lizard (D:1)
  A kobold (D:1)
  6 rats
31 creatures vanquished.

Notes
Turn   | Place    | Note
-------+----------+-------------------------------------------
     0 | D:1      | EnegeticOcto the Merfolk Warper began the quest for the
                  | Orb.
     0 | D:1      | Reached XP level 1. HP: 16/16 MP: 3/3
   185 | D:1      | Reached XP level 2. HP: 12/23 MP: 5/5
  1161 | D:2      | Reached skill level 4 in Polearms
  1161 | D:2      | Reached XP level 3. HP: 28/28 MP: 6/6
  1510 | D:2      | Noticed Ijyb
  1571 | D:2      | Killed from afar by Ijyb

Levels and vault maps discovered:
D:1:      psy_arrival_radial01, layout_loops_ring
D:2:      kennysheep_the_goblin_king, layout_basic

Skill      XL: |  1  2 |
---------------+-------+-----
Dodging        | 3 |  3.3
Polearms       | 4 |  4.3
Fighting       | |  2.7
Throwing       | |  1.0
Armour         | |  0.6
Shields        | |  0.9
Spellcasting   | |  2.0
Translocations | |  2.4

Action                   || total
-------------------------++-------
Melee: Spear             ||   145
Throw: Dart              ||     7
       Boomerang         ||     5
  Use: Scroll            ||     5
       Potion            ||     1
  Eat: Chunk             ||     2
Armor: Leather armour    ||    20
Dodge: Dodged            ||    62
Block: Buckler           ||    35

Table legend:
 A = Non-vault XP
 B = Vault XP
 C = Vault XP percentage of total XP
 D = Non-vault monster count
 E = Vault monster count
 F = Vault count percentage of total count
                 A         B        C        D         E       F
            +---------+---------+-------+---------+---------+-------
      Total |      53 |       9 |  14.5 |      26 |       5 |  16.1
            +---------+---------+-------+---------+---------+-------
        D:1 |      33 |       0 |   0.0 |      17 |       0 |   0.0
        D:2 |      20 |       9 |  31.0 |       9 |       5 |  35.7
            +---------+---------+-------+---------+---------+-------
